 Dungeon Crawl Stone Soup version 0.31-a0-1301-g7e11add784 (webtiles) character file.

Game seed: 3948926936455842192

11814 Majang the Grappler (level 11, 0/113 HPs)
             Began as a Troll Gladiator on Dec 19, 2023.
             Was a Priest of Ru.
             Slain by an eight-headed hydra (13 damage)
             ... on level 2 of the Lair of Beasts.
             The game lasted 00:58:15 (8778 turns).

Majang the Grappler (Troll Gladiator)               Turns: 8778, Time: 00:58:16

Health: 0/113      AC:  8    Str: 28    XL:     11   Next: 54%
Magic:  10/10      EV: 11    Int:  4    God:    Ru [***...]
Gold:   754        SH:  5    Dex: 11    Spells: 10/10 levels left

rFire   + .          .
                       - Unarmed
rCold   . . .        (no shield)
rNeg    + . .        w - +2 robe {rF+}
rPois   .            b - +0 hat
rElec   .            y - +1 cloak
rCorr   .            (gloves unavailable)
SInv    .            (boots unavailable)
Will    +....        i - amulet of reflection Stlth
                     m - ring of willpower
HPRegen 1.18/turn    z - ring of positive energy
MPRegen 0.12/turn

%: reflection
@: no status effects
A: large, unfitting armour, claws 3, regeneration 1, shaggy fur 1, tough skin 1,
no stealth, inability to use devices, disrupted magic 1
a: Renounce Religion, Draw Out Power


You were on level 2 of the Lair of Beasts.
You worshipped Ru.
Ru was most pleased with you.
You visited 3 branches of the dungeon, and saw 12 of its levels.

You collected 951 gold pieces.
You spent 197 gold pieces at shops.

Inventory:

Missiles
 c - 2 throwing nets
 j - 11 boomerangs (quivered)
Armour
 b - a +0 hat (worn)
 w - a +2 robe of fire resistance (worn)
 y - a +1 cloak (worn)
Jewellery
 i - an amulet of reflection (around neck)
 m - a ring of willpower (left claw)
 z - a ring of positive energy (right claw)
Scrolls
 d - a scroll of identify
 f - 5 scrolls of fear
 g - 3 scrolls of teleportation
 k - 7 scrolls of immolation
 n - a scroll of fog
 s - a scroll of revelation
 t - 2 scrolls of poison
 x - a scroll of blinking
 B - a scroll of noise
Potions
 e - a potion of enlightenment
 h - 5 potions of curing
 l - 5 potions of attraction
 o - a potion of haste
 q - 3 potions of cancellation
 u - a potion of lignification
 v - a potion of resistance
 C - a potion of invisibility


   Skills:
 * Level 8.6 Fighting
 * Level 8.1 Throwing
 + Level 5.0 Armour
 + Level 5.5 Dodging
 * Level 10.5 Unarmed Combat


You had 10 spell levels left.
You didn't know any spells.
Your spell library contained the following spells:

 Spells                   Type           Power      Damage    Failure   Level
 Blink                    Tloc           0%         N/A       73%         2
 Lesser Beckoning         Tloc           0%         N/A       73%         2
 Momentum Strike          Conj/Tloc      0%         3d8       73%         2
 Gell's Gravitas          Tloc           0%         N/A       90%         3
 Inner Flame              Hex/Fire       0%         N/A       90%         3
 Stone Arrow              Conj/Erth      0%         3d7       90%         3
 Teleport Other           Tloc           0%         N/A       90%         3
 Animate Armour           Summ/Erth      0%         N/A       100%        4
 Flame Wave               Conj/Fire      0%         2d4       100%        4
 Sticky Flame             Conj/Fire      0%         2d3       100%        4
 Vhi's Electric Charge    Tloc/Air       0%         N/A       100%        4
 Arcjolt                  Conj/Air       0%         1d10      100%        5
 Lehudib's Crystal Spear  Conj/Erth      0%         10d2      100%        8
 Maxwell's Capacitive Co  Air            0%         ∞         100%        8


Dungeon Overview and Level Annotations

Branches:
Dungeon (9/15)             Temple (1/1) D:4            Lair (2/5) D:9
    Orc (0/2) D:9
  Swamp: Lair:2-3    Shoals: Lair:2-3     Snake: Lair:2-3    Spider: Lair:2-3

Altars:
Ashenzari
Cheibriados
Dithmenos
Elyvilon
Fedhas
Gozag
Hepliaklqana
Kikubaaqudgha
Makhleb
Nemelex Xobeh
Okawaru
Qazlal
Ru
Sif Muna
Uskayaw
Vehumet
Wu Jian
Xom
Yredelemnul
Zin
The Shining One

Shops:
D:5 [   D:9 ?

Annotations:
D:5 2 transporters
D:7 exclusion: oklob plant


Innate Abilities, Weirdness & Mutations

You are too large for most types of armour.
You have claws for hands.
Your natural rate of healing is unusually fast.
You are covered in fur. (AC +1)
You have tough skin. (AC +1)
You cannot be stealthy.
You cannot study or use magical devices.
Your casting is slightly disrupted.


Message History

The large rock hits the eight-headed hydra.
The eight-headed hydra is lightly wounded.
Throw: 3 large rocks
Press: ? - help, Shift-Dir - straight line, f/p - eight-headed hydra
Aim: an eight-headed hydra (80% to hit)
You throw a large rock.
The large rock hits the eight-headed hydra!
The eight-headed hydra is moderately wounded.
Throw: 2 large rocks
Press: ? - help, Shift-Dir - straight line, f/p - eight-headed hydra
Aim: an eight-headed hydra (lightly wounded, 80% to hit)
You throw a large rock.
The large rock barely misses the eight-headed hydra.
The eight-headed hydra closely misses you.
The eight-headed hydra bites you. The eight-headed hydra bites you! x2
The eight-headed hydra closely misses you.
The eight-headed hydra bites you but does no damage.
The eight-headed hydra bites you!
You block the eight-headed hydra's attack.
Throw: large rock
Press: ? - help, Shift-Dir - straight line, f/p - eight-headed hydra
Aim: an eight-headed hydra (lightly wounded, 80% to hit)
You throw a large rock.
The large rock hits the eight-headed hydra.
The eight-headed hydra is moderately wounded.
The eight-headed hydra bites you! The eight-headed hydra bites you. x2
The eight-headed hydra bites you! The eight-headed hydra bites you.
The eight-headed hydra bites you but does no damage.
The eight-headed hydra closely misses you.
The eight-headed hydra bites you.
The eight-headed hydra closely misses you.
The eight-headed hydra bites you!
* * * LOW HITPOINT WARNING * * *
The eight-headed hydra bites you!
* * * LOW HITPOINT WARNING * * *
You block the eight-headed hydra's attack.
The eight-headed hydra bites you.
* * * LOW HITPOINT WARNING * * *
The eight-headed hydra bites you!
You die...

#........#
##.#.....#
###.#.+##
###(..##
###'#..#
#...(..#
#......#
##..D..#
#P..@..#
..........#
#P..P......#
###.#......#
###P.P+###
..... ##.###
#.


You could see an eight-headed hydra.

Vanquished Creatures
  5 two-headed ogres
  A cyclops (D:9)
  A cane toad (Lair:1)
  An unseen horror (D:7)
  4 komodo dragons (Lair:1)
  A hornet (D:9)
  3 blink frogs (Lair:1)
  A shadow (D:9)
  2 wyverns
  7 yaks
  A steam dragon (D:9)
  A wraith (D:9)
  A basilisk (Lair:1)
  2 water moccasins
  3 ice beasts
  2 orc warriors (D:9)
  2 sky beasts (D:6)
  A black bear (D:5)
  4 ogres
  4 wolves (Lair:1)
  A phantom (D:6)
  3 kobold brigands
  A gnoll sergeant (D:8)
  2 scorpions (D:6)
  10 bullfrogs
  15 wights
  An electric eel (D:7)
  3 howler monkeys (D:9)
  3 jellies
  Crazy Yiuf (D:5)
  2 gnoll boudas
  5 orc priests
  5 hounds
  An iguana (D:6)
  Terence (D:3)
  7 orc wizards
  18 gnolls
  4 adders
  2 ufetubi (D:6)
  3 worms
  4 dart slugs
  38 orcs
  10 bats
  3 endoplasms
  5 giant cockroaches
  14 goblins
  13 hobgoblins
  3 jackals (D:3)
  7 quokkas
  6 ball pythons
  3 frilled lizards
  14 kobolds
  5 rats
260 creatures vanquished.

Vanquished Creatures (others)
  2 orcs
2 creatures vanquished.

Grand Total: 262 creatures vanquished

Notes
Turn   | Place    | Note
-------+----------+-------------------------------------------
     0 | D:1      | Majang the Troll Gladiator began the quest for the Orb.
     0 | D:1      | Reached XP level 1. HP: 19/19 MP: 0/0
    79 | D:1      | Reached XP level 2. HP: 28/28 MP: 1/1
   513 | D:1      | Reached XP level 3. HP: 35/35 MP: 2/2
   864 | D:2      | Reached skill level 4 in Unarmed Combat
  1042 | D:2      | Reached XP level 4. HP: 44/44 MP: 3/3
  2011 | D:3      | Noticed Terence
  2018 | D:3      | Killed Terence
  2019 | D:3      | Reached XP level 5. HP: 52/53 MP: 4/4
  2307 | D:4      | Noticed an ogre
  2313 | D:4      | Killed an ogre
  2314 | D:4      | Reached skill level 5 in Unarmed Combat
  2321 | D:4      | Reached XP level 6. HP: 49/62 MP: 5/5
  2663 | D:4      | Found a staircase to the Ecumenical Temple.
  2692 | Temple   | Entered the Ecumenical Temple
  2710 | Temple   | Became a worshipper of Ru the Awakened
  3250 | D:5      | Entered Level 5 of the Dungeon
  3250 | D:5      | Noticed an ice beast
  3260 | D:5      | Killed an ice beast
  3367 | D:5      | Found Veiqy's Antique Armour Boutique.
  3372 | D:5      | Reached skill level 6 in Unarmed Combat
  3372 | D:5      | Reached XP level 7. HP: 71/71 MP: 6/6
  3377 | D:5      | Bought an embroidered robe for 85 gold pieces
  3438 | D:5      | Found a shimmering blue altar of Sif Muna.
  3528 | D:5      | Found a white marble altar of Elyvilon.
  3532 | D:5      | Found a burning altar of Makhleb.
  3602 | D:5      | Gained mutation: You cannot be stealthy. [Ru sacrifice]
  3604 | D:5      | Found a transporter.
  3641 | D:5      | Found a transporter.
  3791 | D:5      | Found a runed translucent door.
  3792 | D:5      | Noticed Crazy Yiuf
  3797 | D:5      | Killed Crazy Yiuf
  3798 | D:5      | Reached skill level 1 in Armour
  3915 | D:6      | Reached skill level 5 in Fighting
  3936 | D:6      | Reached XP level 8. HP: 59/80 MP: 7/7
  4235 | D:6      | Reached skill level 7 in Unarmed Combat
  5272 | D:7      | Reached XP level 9. HP: 87/89 MP: 8/8
  5584 | D:7      | Killed an unseen horror
  5585 | D:7      | Reached skill level 5 in Throwing
  5585 | D:7      | Reached skill level 8 in Unarmed Combat
  5749 | D:7      | Gained mutation: You cannot study or use magical devices.
                  | [Ru sacrifice]
  5749 | D:7      | Reached * piety under Ru
  5749 | D:7      | Reached ** piety under Ru
  5749 | D:7      | Reached *** piety under Ru
  5882 | D:7      | Found a blossoming altar of Fedhas.
  5902 | D:7      | Noticed an oklob plant
  6074 | D:8      | Found a glowing silver altar of Zin.
  6160 | D:8      | Identified the +0 helmet "Hiul" {Fly rElec rC+++ Str-5}
  6451 | D:8      | Noticed a two-headed ogre
  6461 | D:8      | Killed a two-headed ogre
  6462 | D:8      | Reached XP level 10. HP: 11/100 MP: 9/9
  6755 | D:9      | Found a staircase to the Lair.
  6815 | D:9      | Noticed a two-headed ogre
  6832 | D:9      | Killed a two-headed ogre
  6833 | D:9      | Reached skill level 9 in Unarmed Combat
  6873 | D:9      | Noticed a two-headed ogre
  6880 | D:9      | Killed a two-headed ogre
  6969 | D:9      | Found Venkyf's Magic Scroll Emporium.
  6973 | D:9      | Bought a scroll of teleportation for 48 gold pieces
  6973 | D:9      | Bought a scroll of identify for 32 gold pieces
  6973 | D:9      | Bought a scroll of identify for 32 gold pieces
  6996 | D:9      | Found a stormy altar of Qazlal.
  7088 | D:9      | Found a staircase to the Orcish Mines.
  7231 | D:9      | Gained mutation: Your casting is slightly disrupted. [Ru
                  | sacrifice]
  7280 | D:9      | Noticed a two-headed ogre
  7290 | D:9      | Killed a two-headed ogre
  7295 | D:9      | Paralysed by a hornet for 1 turns
  7302 | D:9      | Noticed a two-headed ogre
  7595 | D:9      | Reached skill level 5 in Dodging
  7638 | D:9      | Noticed a cyclops
  7653 | D:9      | Killed a cyclops
  7658 | D:9      | Reached XP level 11. HP: 72/111 MP: 10/10
  7680 | D:9      | Killed a two-headed ogre
  7818 | Lair:1   | Entered Level 1 of the Lair of Beasts
  7873 | Lair:1   | Reached skill level 10 in Unarmed Combat
  8209 | Lair:1   | You fall into a shaft and drop 1 floor!
  8667 | Lair:2   | Reached skill level 5 in Armour
  8767 | Lair:2   | Noticed an eight-headed hydra
  8778 | Lair:2   | Slain by an eight-headed hydra

Illustrated notes

Levels and vault maps discovered:
D:1:      lemuel_arrival_muddy, layout_loops_ring
D:2:      layout_basic, bh_walls_and_bars
D:3:      layout_basic, kennysheep_generic_room_7, uniq_terence
D:4:      corexii_shantytown, layout_basic, temple_fountains
D:5:      gammafunk_cloud_chamber, layout_cave_pools,
          grunt_temple_overflow_open, mainiacjoe_overflow_alcove_1,
          serial_shops, nicolae_shop_tiny_statue_garden, hangedman_glass_teeth,
          uniq_crazy_yiuf_cottage
D:6:      minmay_diamond_boxcup, layout_layer_cave
D:7:      layout_cave_pools, tgw_fedhas, minmay_crystal_water,
          chequers_serial_rivers_small_a, hangedman_abyss_or_decor_stabs
D:8:      layout_loops_ring, lemuel_round_altar,
          minmay_fractal_squares_gapless_5
D:9:      minmay_polygon_palace, layout_long_grid,
          mainiacjoe_overflow_small_starburst, lair_entry_dummy, orc_0_dummy,
          serial_shops, nicolae_shop_back_alley_shop, uniq_joseph
Temple:   bh_familiar_temple
Lair:1:   layout_regular_city, infiniplex_staircase_pool_2, grunt_megastairs_5
Lair:2:   layout_roguey, minmay_shoals_entry_hut,
          nicolae_spider_entry_tight_spaces, roderic_batcave

Skill      XL: |  1  2  3  4  5  6  7  8  9 10 11 |
---------------+----------------------------------+-----
Fighting       | 2 3 4 5 6 8 |  8.6
Unarmed Combat | 4 5 6 7 8 9 10 | 10.5
Throwing       | 2 3 4 5 7 8 |  8.1
Armour         | 1 2 3 4 5 |  5.0
Dodging        | 3 4 5 |  5.5

Action                     |  1- 3 |  4- 6 |  7- 9 | 10-12 || total
---------------------------+-------+-------+-------+-------++-------
  Melee: Unarmed           |   101 |   164 |   247 |   247 ||   759
         Punch             |     1 |    10 |     7 |    16 ||    34
  Throw: Boomerang         |       |    12 |    17 |     7 ||    36
         Throwing net      |       |     2 |       |     1 ||     3
         Large rock        |       |     1 |       |     7 ||     8
 Invoke: Sacrifice Stealth |       |       |     1 |       ||     1
         Sacrifice Artific |       |       |     1 |       ||     1
         Sacrifice Essence |       |       |       |     1 ||     1
  Evoke: Wand              |       |       |     1 |       ||     1
    Use: Scroll            |       |     6 |    10 |     5 ||    21
         Potion            |       |       |     2 |     1 ||     3
   Stab: Sleeping          |     1 |     1 |       |       ||     2
         Invisible         |       |       |     2 |     1 ||     3
         Held in net/web   |       |       |       |     1 ||     1
         Petrified         |       |       |       |     4 ||     4
 Armour: Robe              |    56 |    88 |   193 |   140 ||   477
  Dodge: Dodged            |    40 |    58 |    77 |    90 ||   265
  Block: Other             |     3 |    28 |    34 |    31 ||    96
         Reflection        |       |     1 |       |       ||     1

Table legend: (Time is in decaauts)
 A = Elapsed time spent in this place.
 B = Non-inter-level travel time spent in this place.
 C = Inter-level travel time spent in this place.
 D = Time resting spent in this place.
 E = Time spent auto-exploring this place.
 F = Levels seen in this place.
 G = Mean time per level.
                   A        B        C        D        E       F      G
               +--------+--------+--------+--------+--------+-----+--------+
         Total |   8677 |   7986 |    691 |    486 |    681 |  12 |  723.1 |
       Dungeon |   7703 |   7098 |    605 |    385 |    643 |   9 |  855.9 |
        Temple |     35 |      2 |     33 |      0 |      0 |   1 |   35.0 |
          Lair |    938 |    886 |     52 |    100 |     38 |   2 |  469.0 |
               +--------+--------+--------+--------+--------+-----+--------+

Top non-repeatable levels by time:
     D:6: 1341 daAuts
     D:3: 1047 daAuts
     D:9: 989 daAuts
     D:4: 856 daAuts
  Lair:1: 806 daAuts
     D:8: 796 daAuts
     D:7: 788 daAuts
     D:1: 697 daAuts
     D:5: 593 daAuts
     D:2: 592 daAuts
  Lair:2: 132 daAuts
  Temple: 35 daAuts
